 Dungeon Crawl Stone Soup version 0.18-a0-1575-g920359c (webtiles) character file.

114 HandofTrog the Skirmisher (level 4, 0/39 HPs)
             Began as a Demonspawn Monk on Mar 16, 2016.
             Slain by a phantom (5 damage)
             ... on level 4 of the Dungeon.
             The game lasted 00:07:19 (2053 turns).

HandofTrog the Skirmisher (Demonspawn Monk)         Turns: 2053, Time: 00:07:19

Health: 0/39       AC:  9    Str: 12    XL:     4   Next: 66%
Magic:  4/4        EV: 11    Int: 11    God:
Gold:   66         SH:  0    Dex: 16    Spells: 0 memorised, 3 levels left

rFire  + . .     SeeInvis .     t - +2 war axe (chop)
rCold  + . .     Gourm    .     d - +0 ring mail
rNeg   . . .     Faith    .     (no shield)
rPois  +         Spirit   .     (helmet restricted)
rElec  +         Dismiss  .     (no cloak)
rCorr  +         Reflect  .     i - +0 pair of gloves
SustAt .         Harm     .     (no boots)
MR     .....                    (no amulet)
Stlth  +.........               (no ring)
                                (no ring)

@: resistant, not resistant to hostile enchantments, very unstealthy
A: horns 1, thin metallic scales 2
a: no special abilities


You were on level 4 of the Dungeon.
You were not hungry.

You visited 1 branch of the dungeon, and saw 4 of its levels.

You collected 66 gold pieces.

Inventory:

Hand Weapons
 k - a +2 hunting sling of freezing
 s - a +0 arbalest
 t - a +2 war axe of chopping (weapon)
Missiles
 l - 65 stones (quivered)
Armour
 a - a +0 robe
 d - a +0 ring mail (worn)
 i - a +0 pair of gloves (worn)
Wands
 r - a wand of disintegration (1/24)
Scrolls
 e - 2 scrolls of remove curse {unknown}
 f - 2 scrolls of blinking {unknown}
 g - a scroll of fear {unknown}
 h - 2 scrolls of enchant weapon {unknown}
 m - 2 scrolls of enchant armour {unknown}
 o - 3 scrolls of identify {unknown}
 p - a scroll of immolation {unknown}
Potions
 j - a potion of ambrosia {unknown}
 n - a potion of resistance
 q - a potion of mutation {unknown}
Comestibles
 b - a bread ration
 c - 2 meat rations


   Skills:
 + Level 5.5 Fighting
 - Level 2.6 Dodging
 - Level 1.7 Stealth
 - Level 3.6 Unarmed Combat


You had 3 spell levels left.
You didn't know any spells.

Dungeon Overview and Level Annotations

Branches:
Dungeon (4/15)
 Temple: D:4-7

Altars:
Okawaru


Innate Abilities, Weirdness & Mutations

You have a pair of small horns on your head.
You are mostly covered in thin metallic scales (AC +3).


Message History

t - a +2 war axe of chopping (weapon)
You are too injured to fight recklessly!
You are too injured to fight recklessly!
You hit the phantom.
The phantom is heavily damaged.
The phantom closely misses you. The phantom barely misses you.
You barely miss the phantom.
You headbutt the phantom, but do no damage.
The phantom is heavily damaged.
The phantom blinks!
You closely miss the phantom.
The phantom is heavily damaged.
The phantom hits you.
* * * LOW HITPOINT WARNING * * *
The phantom hits you.
* * * LOW HITPOINT WARNING * * *
You slash the phantom!
The phantom is severely damaged.
The phantom hits you.
You die...

#.... ..# #.... ....# ....
.... ...###.####
#....>...# #.......#
#.......##
...##........##########
#.....@......†.......#
......#..W.....###.####.##
....#.#........###'## #..#
...#.#........##8.8####.#
#....#.......##.....###..
#..#########8.....8###.
#...# ##.........##. .
#..#####8.........8#. ..>
#<..##.'...........+.


You could see a phantom.

Vanquished Creatures
  A centaur skeleton (D:4)
  An iguana (D:4)
  An adder (D:3)
  A worm (D:2)
  A giant gecko (D:2)
  3 orcs (D:3)
  3 giant cockroaches (D:1)
  5 goblins
  6 hobgoblins
  4 jackals (D:1)
  7 bats
  2 giant newts
  3 kobolds
  6 rats
44 creatures vanquished.

Notes
Turn   | Place    | Note
--------------------------------------------------------------
     0 | D:1      | HandofTrog the Demonspawn Monk began the quest for the Orb.
     0 | D:1      | Reached XP level 1. HP: 18/18 MP: 1/1
   178 | D:1      | Gained mutation: You are partially covered in thin metallic scales (AC +2). [demonic ancestry]
   178 | D:1      | Reached XP level 2. HP: 14/24 MP: 2/2
   510 | D:1      | Reached skill level 4 in Fighting
   722 | D:1      | Gained mutation: You are mostly covered in thin metallic scales (AC +3). [demonic ancestry]
   722 | D:1      | Reached XP level 3. HP: 30/30 MP: 3/3
  1571 | D:3      | Found an iron altar of Okawaru.
  1833 | D:4      | Noticed a phantom
  1853 | D:4      | Reached skill level 5 in Fighting
  1853 | D:4      | Gained mutation: You have a pair of small horns on your head. [demonic ancestry]
  1853 | D:4      | Reached XP level 4. HP: 23/39 MP: 4/4
  2053 | D:4      | Slain by a phantom

Vault maps used:
D:1:      scummos_arrival_checkerplants, minmay_misc_feat_cross
D:3:      overflow_temple_1_default, okawaru_gym_becter, uniq_grinder
D:4:      marbit_many_paths, nicolae_gozag_seed_capital,
          gammafunk_temple_overflow_statue, minmay_temple_entry_junction,
          serial_shops, shop, first_bread, dk_noncrumbling_4, uniq_duvessa

Skill      XL: |  1  2  3 |
---------------+----------+-----
Fighting       | 4 5 |  5.5
Dodging        | |  2.6
Stealth        | |  1.7
Unarmed Combat | |  3.6

Action                   |  1- 3 |  4- 6 || total
-------------------------+-------+-------++-------
Melee: Unarmed           |   170 |    31 ||   201
       War axe           |       |     4 ||     4
Throw: Stone             |     1 |       ||     1
Evoke: Wand              |     1 |     4 ||     5
  Use: Potion            |     2 |     1 ||     3
 Stab: Distracted        |     2 |       ||     2
       Sleeping          |       |     1 ||     1
  Eat: Bread ration      |     1 |       ||     1
